 Dungeon Crawl Stone Soup version 0.31-a0-167-g1c394c0614 (webtiles) character file.

Game seed: 2279676105321071683

3227 qw the Cleaver (level 9, -1/57 HPs)
             Began as a Gargoyle Fighter on June 14, 2023.
             Was a Follower of Okawaru.
             Killed by the air
             ... invoked by Gastronok
              (28 damage)
             ... on level 8 of the Dungeon.
             The game lasted 00:04:23 (7050 turns).

qw the Cleaver (Gargoyle Fighter)                   Turns: 7050, Time: 00:04:24

Health: -1/57      AC: 24    Str: 24    XL:     9   Next: 98%
Magic:  10/11      EV: 10    Int:  9    God:    Okawaru [*.....]
Gold:   37         SH:  6    Dex: 15    Spells: 8/8 levels left

rFire   + . .        Y - +3 war axe
rCold   . . .        c - +0 buckler
rNeg    + . .        f - +0 plate armour
rPois   inf          (no helmet)
rElec   +            (no cloak)
rCorr   .            h - +0 pair of gloves
SInv    .            w - +0 pair of boots
Will    .....        (no amulet) Stlth
                     m - ring of protection from fire
HPRegen 0.29/turn    e - +6 ring of dexterity
MPRegen 0.12/turn

%: no passive effects
@: heroic, slowed, very slow
A: sickness immunity, AC +6, negative energy resistance 1, electricity
resistance, torment resistance 1, petrification resistance
a: Renounce Religion, Heroism


You were on level 8 of the Dungeon.
You worshipped Okawaru.
Okawaru was aware of your devotion.
You visited 2 branches of the dungeon, and saw 9 of its levels.

You collected 364 gold pieces.
You spent 327 gold pieces at shops.


Innate Abilities, Weirdness & Mutations

You are immune to sickness and miasma.
Your stone body is resilient. (AC +6)
You are immune to poison.
You resist negative energy. (rN+)
You are resistant to electric shocks. (rElec)
You are resistant to unholy torment.
You are immune to petrification.


   Skills:
 - Level 7.0(12.0) Fighting
 + Level 9.3(14.3) Axes
 - Level 1.3(6.3) Throwing
 - Level 6.0(11.0) Armour
 - Level 2.5(7.5) Dodging
 - Level 4.7(9.7) Shields
 + Level 3.2 Invocations


You had 8 spell levels left.
You didn't know any spells.
Your spell library was empty.

Inventory:

Hand Weapons
 u - the +8 flail "Geoth" {flame, rElec rCorr}
   (You found it on level 5 of the Dungeon)

   rElec:     It insulates you from electricity.
   rCorr:     It protects you from acid and corrosion.
 Y - a +3 war axe (weapon)
Missiles
 s - 3 boomerangs (quivered)
Armour
 c - a +0 buckler (worn)
 f - a +0 plate armour (worn)
 h - a +0 pair of gloves (worn)
 w - a +0 pair of boots (worn)
Jewellery
 e - a +6 ring of dexterity (right hand)
 m - a ring of protection from fire (left hand)
 q - the ring "Beningao" {rPois rC- Str+4}
   (You found it on level 5 of the Dungeon)

   [ring of poison resistance]

   Str:       It affects your strength (+4).
   rC:        It makes you vulnerable to cold.
   rPois:     It protects you from poison.
Scrolls
 a - a scroll of identify
 i - a scroll of teleportation
Potions
 b - a potion of mutation
 d - 5 potions of might
 g - 3 potions of curing
 k - 4 potions of haste
 n - 2 potions of lignification
 o - a potion of attraction
 p - a potion of cancellation
 v - a potion of heal wounds

Dungeon Overview and Level Annotations

Branches:
Dungeon (8/15)             Temple (1/1) D:6
   Lair: D:8-11

Altars:
Cheibriados
Dithmenos
Elyvilon
Fedhas
Hepliaklqana
Kikubaaqudgha
Makhleb
Nemelex Xobeh
Okawaru
Qazlal
Ru
Sif Muna
Trog
Uskayaw
Wu Jian
Xom
Yredelemnul
The Shining One

Shops:
D:3 ![(=   D:7 *

Annotations:
D:6 3 runed translucent doors, qw's ghost, novice GrHu
D:8 Gastronok


Message History

You hit Gastronok.
Gastronok is heavily wounded.
Gastronok closely misses you.
You slash Gastronok!
Gastronok is severely wounded.
Gastronok waves his eye-stalks in wide circles.
You hit Gastronok.
Gastronok is severely wounded.
You hit Gastronok.
Gastronok is severely wounded.
Gastronok sloshes about.
Gastronok closely misses you.
You hit Gastronok but do no damage.
Gastronok is severely wounded.
You feel like a meek peon again. You block Gastronok's attack.
7044 ||| INVOKING Heroism.
You gain the combat prowess of a mighty hero.
You flicker for a moment.
You feel a little less clever now.
You completely miss Gastronok.
Gastronok is severely wounded.
Gastronok bites you but does no damage.
You hit Gastronok.
Gastronok is severely wounded.
You hit Gastronok but do no damage.
Gastronok is severely wounded.
Gastronok bites you but does no damage.
You slash Gastronok!
Gastronok is severely wounded.
Gastronok's eyestalks quiver as he mumbles some strange words.
Gastronok puts on a burst of speed!
You slash Gastronok!
Gastronok is almost dead.
You flicker back into view.
You hit Gastronok.
Gastronok is almost dead.
Gastronok gurgles, "You're how I like my food.
Fast!"
Gastronok waves his eye-stalks in wide circles.
The air twists around and strikes you!!
You die...

### #.# ###### #.#
......####.######...
............<.......
###w@.......#####
#...#######...#
#..## ##..# .... ...
... .. #. . #


You could see Gastronok (swift).

Vanquished Creatures
  Sigmund (D:2)
  3 yaks (D:7)
  4 water moccasins
  An orc warrior (D:7)
  2 ice beasts
  An ogre (D:5)
  A black bear (D:7)
  2 centaurs (D:5)
  3 phantoms
  2 kobold brigands (D:7)
  2 bullfrogs
  4 scorpions
  3 killer bees (D:7)
  2 hounds
  3 orc priests
  5 iguanas
  A gnoll bouda (D:7)
  6 orc wizards
  2 sleepcaps
  3 gnolls (D:7)
  6 adders
  A shadow imp (D:5)
  A white imp (D:7)
  2 ufetubi
  A worm (D:2)
  2 dart slugs (D:1)
  34 orcs
  6 ball pythons
  8 bats
  3 endoplasms
  A giant cockroach (D:3)
  3 goblins
  6 hobgoblins
  4 quokkas
  11 frilled lizards
  16 kobolds
  4 rats
160 creatures vanquished.

Notes
Turn   | Place    | Note
-------+----------+-------------------------------------------
     0 | D:1      | qw the Gargoyle Fighter began the quest for the Orb.
     0 | D:1      | Reached XP level 1. HP: 14/14 MP: 1/1
     0 | D:1      | 0 ||| qw: Version: 0.2-a-29-g1fa15c8
     0 | D:1      | 0 ||| qw: Game counter: 4930
     0 | D:1      | 0 ||| qw: Always use a shield: true
     0 | D:1      | 0 ||| qw: God list: Okawaru
     0 | D:1      | 0 ||| qw: Allow faded altars: false
     0 | D:1      | 0 ||| qw: Do Orc after D:15 true
     0 | D:1      | 0 ||| qw: Do second Lair branch before Depths: true
     0 | D:1      | 0 ||| qw: Lair rune preference: random
     0 | D:1      | 0 ||| qw: Plans: Normal, Zot:1-4, Slime:5, God:TSO, Crypt,
                  | Tomb, Abyss, Pan, Hells, Win
     0 | D:1      | 0 ||| PLANNING D:1-11
     4 | D:1      | 4 ||| Stepping ~*~*~tactically~*~*~ (hiding).
    13 | D:1      | Reached skill level 2 in Axes
   184 | D:1      | 184 ||| Stepping ~*~*~tactically~*~*~ (hiding).
   220 | D:1      | Reached XP level 2. HP: 17/19 MP: 2/2
   601 | D:1      | 601 ||| Stepping ~*~*~tactically~*~*~ (hiding).
  1013 | D:1      | Reached skill level 3 in Axes
  1044 | D:1      | 1044 ||| UPGRADING to +0 pair of gloves.
  1049 | D:1      | 1049 ||| READING 3 scrolls labelled ARAIX HENGIM.
  1050 | D:1      | 1050 ||| READING 2 scrolls labelled BOQEWYS GIEPRY.
  1054 | D:1      | 1054 ||| READING scroll labelled ONIT QOIBB.
  1055 | D:1      | 1055 ||| READING scroll labelled SAIGGU QYFURER.
  1056 | D:1      | 1056 ||| READING 2 scrolls of identify.
  1056 | D:1      | 1056 ||| IDENTIFYING glowing silvery potion
  1057 | D:1      | 1057 ||| DROPPING potion of degeneration.
  1104 | D:2      | 1104 ||| Stepping ~*~*~tactically~*~*~ (hiding).
  1249 | D:2      | Reached XP level 3. HP: 23/23 MP: 3/3
  1286 | D:2      | 1286 ||| Stepping ~*~*~tactically~*~*~ (stealth).
  1287 | D:2      | 1287 ||| Stepping ~*~*~tactically~*~*~ (stealth).
  1543 | D:2      | 1543 ||| Stepping ~*~*~tactically~*~*~ (stealth).
  1850 | D:2      | Noticed Sigmund
  1864 | D:2      | Killed Sigmund
  1865 | D:2      | Reached skill level 5 in Axes
  1865 | D:2      | Reached XP level 4. HP: 18/28 MP: 4/4
  1865 | D:2      | Reached XP level 5. HP: 20/32 MP: 5/5
  1865 | D:2      | Reached XP level 6. HP: 23/37 MP: 6/6
  1962 | D:2      | 1962 ||| Stepping ~*~*~tactically~*~*~ (stealth).
  1973 | D:2      | 1973 ||| Stepping ~*~*~tactically~*~*~ (stealth).
  1975 | D:2      | 1975 ||| Stepping ~*~*~tactically~*~*~ (stealth).
  2044 | D:2      | 2044 ||| UPGRADING to ring of protection from fire.
  2045 | D:2      | 2045 ||| READING scroll labelled HUTEPN ZUCITT.
  2046 | D:2      | 2046 ||| READING scroll labelled JAEMI XYLONO.
  2047 | D:2      | 2047 ||| DRINKING 2 glowing orange potions.
  2048 | D:2      | 2048 ||| DRINKING 2 glowing clear potions.
  2094 | D:2      | 2094 ||| READING 2 scrolls of identify.
  2094 | D:2      | 2094 ||| IDENTIFYING coppery potion
  2106 | D:3      | Found Fisyaxel's Distillery.
  2110 | D:3      | 2110 ||| BUYING potion of curing (30 gold).
  2110 | D:3      | Bought a potion of curing for 30 gold pieces
  2110 | D:3      | 2110 ||| BUYING potion of curing (30 gold).
  2110 | D:3      | Bought a potion of curing for 30 gold pieces
  2110 | D:3      | 2110 ||| SHOPLISTING potion of heal wounds (50 gold, have
                  | 44).
  2299 | D:3      | Found Qogunakuergh's Antique Weapon Boutique.
  2323 | D:3      | 2323 ||| SHOPLISTING mace (75 gold, have 52).
  2323 | D:3      | 2323 ||| SHOPLISTING runed mace (150 gold, have 52).
  2347 | D:3      | Found Zacru's Armour Shop.
  2352 | D:3      | 2352 ||| SHOPLISTING +0 fire dragon scales (840 gold, have
                  | 52).
  2352 | D:3      | 2352 ||| SHOPLISTING +0 scale mail of cold resistance (154
                  | gold, have 52).
  2636 | D:3      | Found Wugresh's Jewellery Shoppe.
  2647 | D:3      | 2647 ||| SHOPLISTING amulet of faith (440 gold, have 83).
  2647 | D:3      | 2647 ||| SHOPLISTING amulet of the acrobat (330 gold, have
                  | 83).
  2647 | D:3      | 2647 ||| SHOPLISTING ring of fire (275 gold, have 83).
  2647 | D:3      | 2647 ||| SHOPLISTING ring of resist corrosion (220 gold,
                  | have 83).
  2647 | D:3      | 2647 ||| SHOPLISTING ring of willpower (275 gold, have 83).
  2841 | D:3      | 2841 ||| UPGRADING to +6 ring of dexterity.
  2842 | D:3      | 2842 ||| DROPPING ring of flight.
  2875 | D:4      | 2875 ||| Stepping ~*~*~tactically~*~*~ (stealth).
  2886 | D:4      | Reached skill level 1 in Dodging
  2979 | D:4      | 2979 ||| DROPPING +0 whip.
  3014 | D:4      | 3014 ||| Stepping ~*~*~tactically~*~*~ (hiding).
  3149 | D:4      | Reached XP level 7. HP: 36/43 MP: 7/7
  3204 | D:4      | Reached skill level 6 in Axes
  3300 | D:4      | 3300 ||| Stepping ~*~*~tactically~*~*~ (stealth).
  3469 | D:4      | 3469 ||| READING scroll of enchant weapon.
  3469 | D:4      | 3469 ||| ENCHANTING +1 war axe.
  3673 | D:4      | 3673 ||| DROPPING amulet of magic regeneration.
  3674 | D:4      | 3674 ||| READING scroll labelled PAAJ KURIEPOONT.
  3706 | D:4      | 3706 ||| READING scroll labelled BAIJUE INEUSUTSI.
  3734 | D:5      | Entered Level 5 of the Dungeon
  3738 | D:5      | 3738 ||| Stepping ~*~*~tactically~*~*~ (hiding).
  3760 | D:5      | Reached skill level 7 in Axes
  3915 | D:5      | Reached XP level 8. HP: 28/49 MP: 8/8
  4003 | D:5      | 4003 ||| Stepping ~*~*~tactically~*~*~ (hiding).
  4004 | D:5      | 4004 ||| Stepping ~*~*~tactically~*~*~ (hiding).
  4006 | D:5      | 4006 ||| Stepping ~*~*~tactically~*~*~ (hiding).
  4045 | D:5      | 4045 ||| Stepping ~*~*~tactically~*~*~ (stealth).
  4048 | D:5      | 4048 ||| Stepping ~*~*~tactically~*~*~ (stealth).
  4049 | D:5      | 4049 ||| Stepping ~*~*~tactically~*~*~ (stealth).
  4050 | D:5      | 4050 ||| Stepping ~*~*~tactically~*~*~ (stealth).
  4052 | D:5      | 4052 ||| Stepping ~*~*~tactically~*~*~ (stealth).
  4058 | D:5      | 4058 ||| Stepping ~*~*~tactically~*~*~ (stealth).
  4060 | D:5      | 4060 ||| Stepping ~*~*~tactically~*~*~ (stealth).
  4280 | D:5      | 4280 ||| Stepping ~*~*~tactically~*~*~ (stealth).
  4294 | D:5      | Reached skill level 8 in Axes
  4343 | D:5      | Identified the ring "Beningao" {rPois rC- Str+4}
  4360 | D:5      | 4360 ||| Stepping ~*~*~tactically~*~*~ (hiding).
  4361 | D:5      | 4361 ||| Stepping ~*~*~tactically~*~*~ (hiding).
  4363 | D:5      | 4363 ||| Stepping ~*~*~tactically~*~*~ (hiding).
  4364 | D:5      | 4364 ||| Stepping ~*~*~tactically~*~*~ (hiding).
  4372 | D:5      | Reached skill level 6 in Fighting
  4446 | D:5      | 4446 ||| Stepping ~*~*~tactically~*~*~ (hiding).
  4462 | D:5      | 4462 ||| DRINKING 3 potions of curing.
  4462 | D:5      | 4462 ||| (to cure confusion)
  4472 | D:5      | 4472 ||| Stepping ~*~*~tactically~*~*~ (stealth).
  4505 | D:5      | Identified the +8 flail "Geoth" {flame, rElec rCorr}
  4507 | D:5      | 4507 ||| DROPPING +0 flail.
  4608 | D:5      | 4608 ||| UPGRADING to +0 chain mail.
  4618 | D:5      | 4618 ||| DROPPING +0 scale mail.
  4619 | D:5      | 4619 ||| READING 4 scrolls of identify.
  4619 | D:5      | 4619 ||| IDENTIFYING bubbling brown potion
  4620 | D:5      | 4620 ||| READING 3 scrolls of identify.
  4620 | D:5      | 4620 ||| IDENTIFYING white potion
  4621 | D:5      | 4621 ||| READING 2 scrolls of identify.
  4621 | D:5      | 4621 ||| IDENTIFYING sedimented brown potion
  4622 | D:5      | 4622 ||| DROPPING potion of ambrosia.
  4701 | D:6      | Found a staircase to the Ecumenical Temple.
  4702 | D:6      | 4702 ||| PLANNING TEMPLE
  4702 | D:6      | 4702 ||| READING scroll labelled OXI WODAINKARA.
  4806 | Temple   | Entered the Ecumenical Temple
  4946 | Temple   | 4946 ||| PLANNING D:1-11
  4972 | D:6      | 4972 ||| Stepping ~*~*~tactically~*~*~ (stealth).
  4975 | D:6      | 4975 ||| Stepping ~*~*~tactically~*~*~ (hiding).
  4991 | D:6      | Reached skill level 1 in Throwing
  5126 | D:6      | 5126 ||| READING scroll of enchant weapon.
  5126 | D:6      | 5126 ||| ENCHANTING +2 war axe.
  5134 | D:6      | Found a shadowy altar of Dithmenos.
  5152 | D:6      | Found an ancient bone altar of Kikubaaqudgha.
  5159 | D:6      | Found a hazy altar of Hepliaklqana.
  5160 | D:6      | Found a sacrificial altar of Ru.
  5160 | D:6      | Found a basalt altar of Yredelemnul.
  5160 | D:6      | Found an ornate altar of the Wu Jian Council.
  5162 | D:6      | Found an iron altar of Okawaru.
  5163 | D:6      | 5163 ||| PLANNING OKAWARU WORSHIP
  5163 | D:6      | 5163 ||| UPGRADING to +0 plate armour.
  5173 | D:6      | 5173 ||| DROPPING +0 chain mail.
  5174 | D:6      | 5174 ||| READING 2 scrolls of identify.
  5174 | D:6      | 5174 ||| IDENTIFYING fizzy brown potion
  5175 | D:6      | Found a shimmering blue altar of Sif Muna.
  5179 | D:6      | Became a worshipper of Warmaster Okawaru
  5180 | D:6      | 5180 ||| PLANNING D:1-11
  5181 | D:6      | Found a snail-covered altar of Cheibriados.
  5235 | D:6      | Reached XP level 9. HP: 50/55 MP: 9/9
  5326 | D:6      | 5326 ||| Stepping ~*~*~tactically~*~*~ (stealth).
  5398 | D:6      | Found a runed translucent gate.
  5399 | D:6      | Found a runed translucent gate.
  5399 | D:6      | Found a runed translucent gate.
  5401 | D:6      | Noticed qw's ghost (novice GrHu)
  6374 | D:7      | Reached skill level 9 in Axes
  6379 | D:7      | HP: 13/55 [yak (1)]
  6380 | D:7      | 6380 ||| READING 2 scrolls of teleportation.
  6456 | D:7      | 6456 ||| Stepping ~*~*~tactically~*~*~ (stealth).
  6539 | D:7      | Reached * piety under Okawaru
  6585 | D:7      | 6585 ||| INVOKING Heroism.
  6586 | D:7      | 6586 ||| INVOKING Heroism.
  6587 | D:7      | 6587 ||| INVOKING Heroism.
  6609 | D:7      | Reached skill level 1 in Invocations
  6658 | D:7      | 6658 ||| INVOKING Heroism.
  6689 | D:7      | Reached skill level 6 in Armour
  6760 | D:7      | Found Otof's Assorted Antiques.
  6766 | D:7      | 6766 ||| BUYING pair of boots (117 gold).
  6766 | D:7      | Bought a pair of boots for 117 gold pieces
  6766 | D:7      | 6766 ||| BUYING potion of lignification (78 gold).
  6766 | D:7      | Bought a potion of lignification for 78 gold pieces
  6766 | D:7      | 6766 ||| BUYING purple potion (23 gold).
  6766 | D:7      | Bought a purple potion for 23 gold pieces
  6766 | D:7      | 6766 ||| BUYING purple potion (23 gold).
  6766 | D:7      | Bought a purple potion for 23 gold pieces
  6766 | D:7      | 6766 ||| BUYING scroll labelled VORITH NISHI (26 gold).
  6766 | D:7      | Bought a scroll labelled VORITH NISHI for 26 gold pieces
  6766 | D:7      | 6766 ||| SHOPLISTING scroll labelled VORITH NISHI (26 gold,
                  | have 20).
  6766 | D:7      | 6766 ||| SHOPLISTING scroll of identify (52 gold, have 20).
  6778 | D:7      | 6778 ||| INVOKING Heroism.
  6968 | D:7      | 6968 ||| Stepping ~*~*~tactically~*~*~ (stealth).
  6975 | D:7      | Reached skill level 3 in Invocations
  6999 | D:7      | 6999 ||| UPGRADING to +0 pair of boots.
  7004 | D:7      | 7004 ||| READING scroll labelled GIQINYMOPI.
  7005 | D:7      | 7005 ||| READING scroll labelled AFROFA OVUMPAA.
  7006 | D:7      | 7006 ||| READING scroll labelled VORITH NISHI.
  7007 | D:7      | 7007 ||| READING scroll labelled UHUMPU MIONOUSCH.
  7008 | D:7      | 7008 ||| DRINKING 2 murky green potions.
  7009 | D:7      | 7009 ||| DRINKING 3 purple potions.
  7010 | D:7      | 7010 ||| READING 2 scrolls of identify.
  7010 | D:7      | 7010 ||| IDENTIFYING golden potion
  7011 | D:7      | 7011 ||| DROPPING potion of invisibility.
  7012 | D:7      | 7012 ||| DROPPING 2 potions of brilliance.
  7020 | D:8      | Noticed Gastronok
  7021 | D:8      | 7021 ||| INVOKING Heroism.
  7044 | D:8      | 7044 ||| INVOKING Heroism.
  7050 | D:8      | Killed from afar by Gastronok

Levels and vault maps discovered:
D:1:      dpeg_arrival_arbitrary_c, layout_basic
D:2:      layout_basic, kennysheep_generic_room_10, uniq_sigmund
D:3:      layout_basic, serial_shops, shop_statue, shop, shop_fountains,
          nicolae_shop_hallway_stairs, minivault_14
D:4:      layout_rooms, kennysheep_donut, minmay_misc_feat_square,
          minmay_lizard_king
D:5:      layout_cave_pools
D:6:      layout_rooms, kennysheep_little_box, minitemple,
          minmay_temple_entry_glassed_door, ebering_ghost_rock_garden
D:7:      layout_rooms, serial_shops, shop
D:8:      cheibrodos_statue_roulette, layout_rooms,
          pdpol_temple_overflow_zin_treasury_gozag_greed,
          mainiacjoe_overflow_alcove_2, minmay_manual_mullet, uniq_pikel,
          uniq_gastronok
Temple:   hellmonk_temple_forest_ring

Skill      XL: |  1  2  3  4  5  6  7  8  9 |
---------------+----------------------------+-----
Axes           | 2 3 5 7 8 9 |  9.3
Dodging        | 1 2 |  2.5
Fighting       | 4 5 6 7 |  7.0
Throwing       | 1 |  1.3
Armour         | 5 6 |  6.0
Shields        | 4 |  4.7
Invocations    | 3 |  3.2

Action                     |  1- 3 |  4- 6 |  7- 9 || total
---------------------------+-------+-------+-------++-------
  Melee: War axe           |   106 |    98 |   325 ||   529
  Throw: Boomerang         |       |       |    33 ||    33
 Invoke: Heroism           |       |       |     5 ||     5
    Use: Scroll            |     5 |     3 |    15 ||    23
         Potion            |       |     2 |     3 ||     5
 Armour: Scale mail        |    43 |    53 |    87 ||   183
         Chain mail        |       |       |    15 ||    15
         Plate armour      |       |       |    86 ||    86
  Dodge: Dodged            |    45 |    46 |   136 ||   227
  Block: Buckler           |    23 |    25 |    86 ||   134

Table legend:
 A = Non-vault XP
 B = Vault XP
 C = Vault XP percentage of total XP
 D = Non-vault monster count
 E = Vault monster count
 F = Vault count percentage of total count
                 A         B        C        D         E       F
            +---------+---------+-------+---------+---------+-------
      Total |    4315 |     296 |   6.4 |     149 |      11 |   6.9
            +---------+---------+-------+---------+---------+-------
        D:1 |      31 |       0 |   0.0 |      17 |       0 |   0.0
        D:2 |      46 |     249 |  84.4 |      17 |       2 |  10.5
        D:3 |      37 |       0 |   0.0 |      13 |       0 |   0.0
        D:4 |     339 |      47 |  12.2 |      19 |       9 |  32.1
        D:5 |    1303 |       0 |   0.0 |      34 |       0 |   0.0
        D:6 |     716 |       0 |   0.0 |      15 |       0 |   0.0
        D:7 |    1843 |       0 |   0.0 |      34 |       0 |   0.0
            +---------+---------+-------+---------+---------+-------
